 Dungeon Crawl Stone Soup version 0.26.0-3-g156281e41b (webtiles) character file.

Game seed: 12315315716052324094

582 jackrogers the Cleaver (level 7, -5/57 HPs)
             Began as a Hill Orc Fighter on Jan 10, 2021.
             Slain by Pikel
             ... wielding a +2 whip of flaming
              (7 damage)
             ... on level 4 of the Dungeon.
             The game lasted 00:05:22 (4128 turns).

jackrogers the Cleaver (Hill Orc Fighter)           Turns: 4128, Time: 00:05:23

Health: -5/57      AC:  8    Str: 21    XL:     7   Next: 36%
Magic:  0/7        EV:  7    Int:  8    God:
Gold:   180        SH: 10    Dex: 10    Spells: 6/6 levels left

rFire    . . .     SeeInvis .   a - +1 war axe
rCold    . . .     Faith    .   c - +0 kite shield
rNeg     . . .     Spirit   +   b - +0 scale mail
rPois    +         Reflect  .   u - +0 helmet
rElec    .         Harm     .   (no cloak)
rCorr    .         Rampage  .   (no gloves)
Will     .....                  (no boots)
Stlth    ..........             g - amulet of guardian spirit {Spirit}
HPRegen  0.19/turn              o - ring of poison resistance {rPois, !d}
MPRegen  0.10/turn              q - ring of wizardry {Wiz+, !d}

@: mighty
A: no striking features
a: Convert to Beogh


You were on level 4 of the Dungeon.
You visited 1 branch of the dungeon, and saw 4 of its levels.

You collected 180 gold pieces.

Inventory:

Hand Weapons
 a - a +1 war axe (weapon)
 m - a cursed -1 spear
   (You found it on level 2 of the Dungeon)
Missiles
 p - 121 stones (quivered)
 z - 7 boomerangs
Armour
 b - a +0 scale mail (worn)
 c - a +0 kite shield (worn)
 h - a +0 buckler
   (You found it on level 1 of the Dungeon)
 u - a +0 helmet (worn)
   (You took it off Robin on level 3 of the Dungeon)
 y - a +0 scale mail
   (You found it on level 4 of the Dungeon)
Jewellery
 g - an amulet of guardian spirit (around neck) {Spirit}
   (You found it on level 1 of the Dungeon)
 i - an uncursed ring of protection from cold {rC+, !d}
   (You found it on level 2 of the Dungeon)
 o - a ring of poison resistance (left hand) {rPois, !d}
   (You found it on level 1 of the Dungeon)
 q - a ring of wizardry (right hand) {Wiz+, !d}
   (You found it on level 2 of the Dungeon)
 w - a +6 ring of strength
   (You took it off a goblin on level 3 of the Dungeon)
Wands
 s - a wand of acid (21)
   (You found it on level 3 of the Dungeon)
Scrolls
 k - 2 scrolls of enchant weapon
 x - a scroll of remove curse
Potions
 d - a potion of might
 e - a potion of mutation {!q}
 l - 2 potions of flight {unknown}
 n - a potion of invisibility
 r - 2 potions of degeneration {unknown}
 v - 2 potions of magic


   Skills:
 - Level 3.6 Fighting
 * Level 8.7 Axes
 - Level 3.2 Armour
 + Level 5.8 Shields


You had 6 spell levels left.
You didn't know any spells.
Your spell library contained the following spells:

 Spells                   Type           Power        Failure   Level
 Magic Dart               Conj           0%           80%         1
 Blink                    Tloc           N/A          90%         2
 Call Imp                 Summ           0%           90%         2
 Slow                     Hex            0%           90%         2
 Conjure Flame            Conj/Fire      0%           98%         3
 Mephitic Cloud           Conj/Pois/Air  0%           98%         3


Dungeon Overview and Level Annotations

Branches:
Dungeon (4/15)
 Temple: D:4-7

Altars:

Annotations:
D:3 4 runed translucent doors, Charmandara's ghost, amateur PaDe; Crazy Yiuf
D:4 Pikel


Message History

Pikel hits you but does no damage. The lemure barely misses you.
You closely miss Pikel. You miss the lemure. You barely miss the lemure.
Pikel hits you but does no damage. You block the lemure's attack.
Spoiler Alert: Pikel can hit for high damage in melee!
You slash Pikel! You barely miss the lemure. You slash the lemure!
You closely miss the lemure. You block Pikel's attack.
You block the lemure's attack. The lemure hits you but does no damage.
The lemure hits you!
Warning x2: The orc priest can smite you!
Pikel can hit for high damage in melee!
You hit Pikel but do no damage.
The orc priest shouts, "Surrender to Beogh and we'll let you live!"
You hit the lemure. You barely miss the lemure. You hit the lemure.
You hit the worker ant but do no damage.
You block the worker ant's attack.
Pikel says, "Hell isn't that bad."
Pikel hits you but does no damage. The lemure closely misses you.
The lemure hits you. You block the lemure's attack.
The worker ant barely misses you.
Spoiler Alert: Pikel can hit for high damage in melee!
You completely miss Pikel. You slash the worker ant! You slash the lemure!
You hit the lemure. You closely miss the lemure.
Pikel says, "Hell isn't that bad."
Pikel hits you but does no damage.
The lemure hits you but does no damage. x2
You block the worker ant's attack. The lemure hits you.
* * * LOW HITPOINT WARNING * * *
Warning x2: The orc priest can smite you!
Pikel can hit for high damage in melee!
You hit Pikel. You closely miss the lemure. You barely miss the lemure. x2
You closely miss the worker ant.
Pikel hits you with a +2 whip of flaming.
* * * LOW HITPOINT WARNING * * *
Pikel burns you.
* * * LOW HITPOINT WARNING * * *
The worker ant completely misses you. The lemure hits you.
* * * LOW HITPOINT WARNING * * *
The lemure hits you but does no damage. The lemure hits you.
* * * LOW HITPOINT WARNING * * *
Spoiler Alert: Pikel can hit for high damage in melee!
You feel much better.
Pikel hits you with a +2 whip of flaming.
Pikel burns you. You block the worker ant's attack.
You block the lemure's attack. The lemure hits you. x2
Warning x2: The orc priest can smite you!
Pikel can hit for high damage in melee!
You barely miss Pikel.
The orc priest threatens, "By the altar or by the axe, you will meet Beogh!"
You slash the worker ant!
The orc priest shouts, "Surrender to Beogh and we'll let you live!"
You hit the lemure. You slash the lemure!
You kill the lemure!
That felt strangely unrewarding.
You miss the lemure.
The worker ant bites you but does no damage.
Pikel hits you but does no damage. The lemure closely misses you.
You block the worker ant's attack.
Pikel hits you with a +2 whip of flaming.
Pikel burns you.
Spoiler Alert: Pikel can hit for high damage in melee!
You slash Pikel! You slash the lemure!
Your scale mail prevents you from hitting the lemure.
You hit the lemure. You hit the worker ant.
You kill the worker ant!
The lemure closely misses you. The lemure hits you.
* * * LOW HITPOINT WARNING * * *
Pikel hits you with a +2 whip of flaming.
* * * LOW HITPOINT WARNING * * *
Pikel burns you.
* * * LOW HITPOINT WARNING * * *
You block the lemure's attack. The lemure hits you!
* * * LOW HITPOINT WARNING * * *
Warning x2: The orc priest can smite you!
Pikel can hit for high damage in melee!
Unknown command.
Warning x2: The orc priest can smite you!
Pikel can hit for high damage in melee!
You hit Pikel.
You slash the lemure! x2; You closely miss the lemure.
You block the lemure's attack. You block Pikel's attack.
The lemure completely misses you. The orc barely misses you.
The lemure hits you!
* * * LOW HITPOINT WARNING * * *
You block the lemure's attack.
Spoiler Alert: Pikel can hit for high damage in melee!
You feel better.
Pikel hits you with a +2 whip of flaming!
* * * LOW HITPOINT WARNING * * *
Pikel burns you.
* * * LOW HITPOINT WARNING * * *
You block the lemure's attack. x2; The lemure hits you but does no damage.
Spoiler Alert: Pikel can hit for high damage in melee!
You miss Pikel. You hit the orc. You slash the lemure!
You barely miss the lemure. You slash the lemure!
You kill the lemure!
That felt strangely unrewarding.
Pikel hits you but does no damage. The lemure hits you.
* * * LOW HITPOINT WARNING * * *
You block the lemure's attack.
Warning x2: The orc priest can smite you!
Pikel can hit for high damage in melee!
Unknown command.
Warning x2: The orc priest can smite you!
Pikel can hit for high damage in melee!
You barely miss Pikel. You slash the lemure!
You kill the lemure!
That felt strangely unrewarding.
You slash the lemure! You closely miss the orc.
Pikel hits you with a +2 whip of flaming!
You die...

...........####.#.#
.......##...###.#.#
........#.........# #
..#......#........# .?
.###.....#.#....### ...
...........#..รท..###....
......##...#....##...#
##.....##......5o....#
..............o.@##.## .
...............K###..#.B.
........##.......K..(B5oS
........#......o..$(###.
.................5.##
<.#.....###.>......#
.##....# ##.##....#
.###..# #.......## ..#..#
#.....###


You could see Pikel, a lemure, an orc priest and 2 orcs.

Vanquished Creatures
  Grinder (D:4)
  3 lemures (D:4)
  A hound (D:4)
  2 orc priests
  An iguana (D:4)
  An orc wizard (D:4)
  A worker ant (D:4)
  Natasha (thrice) (D:4)
  Robin (D:3)
  3 adders
  3 gnolls (D:2)
  2 worms
  2 dart slugs (D:1)
  2 leopard geckos (D:1)
  6 orcs
  6 giant cockroaches
  13 goblins
  12 hobgoblins
  2 quokkas (D:3)
  A ball python (D:2)
  5 bats
  4 frilled lizards
  3 kobolds
  10 rats
88 creatures vanquished.

Vanquished Creatures (others)
  2 fungi (D:3)
  2 plants (D:3)
4 creatures vanquished.

Grand Total: 92 creatures vanquished

Notes
Turn   | Place    | Note
-------+----------+-------------------------------------------
     0 | D:1      | jackrogers the Hill Orc Fighter began the quest for the
                  | Orb.
     0 | D:1      | Reached XP level 1. HP: 19/19 MP: 1/1
    86 | D:1      | Reached skill level 3 in Axes
   266 | D:1      | Reached XP level 2. HP: 23/26 MP: 2/2
   641 | D:1      | Reached skill level 4 in Axes
   641 | D:1      | Reached XP level 3. HP: 31/31 MP: 3/3
  1563 | D:2      | Reached skill level 4 in Shields
  1568 | D:2      | Reached XP level 4. HP: 29/39 MP: 4/4
  1574 | D:2      | Reached skill level 5 in Axes
  2328 | D:3      | HP: 8/39 [orc priest/+0 short sword (3)]
  2330 | D:3      | HP: 3/39 [orc/+0 club (1)]
  2333 | D:3      | Reached XP level 5. HP: 2/45 MP: 0/5
  2785 | D:3      | Noticed Robin
  2798 | D:3      | Killed Robin
  2799 | D:3      | Reached skill level 6 in Axes
  3088 | D:3      | Noticed a big kobold
  3101 | D:3      | Found a runed translucent gate.
  3101 | D:3      | Found a runed translucent gate.
  3102 | D:3      | Found a runed translucent gate.
  3102 | D:3      | Noticed Charmandara's ghost (amateur PaDe)
  3193 | D:3      | Found a runed translucent door.
  3194 | D:3      | Noticed Crazy Yiuf
  3582 | D:4      | Noticed Natasha
  3646 | D:4      | Killed Natasha
  3707 | D:4      | Noticed Natasha
  3716 | D:4      | Killed Natasha
  3717 | D:4      | Reached XP level 6. HP: 50/51 MP: 6/6
  3761 | D:4      | Noticed Grinder
  3762 | D:4      | Paralysed by Grinder for 5 turns
  3773 | D:4      | Reached skill level 7 in Axes
  3773 | D:4      | Reached skill level 5 in Shields
  3779 | D:4      | Paralysed by Grinder for 5 turns
  3785 | D:4      | Killed Grinder
  3786 | D:4      | Reached skill level 8 in Axes
  3786 | D:4      | Reached XP level 7. HP: 33/57 MP: 4/7
  3805 | D:4      | Noticed Natasha
  3816 | D:4      | Killed Natasha
  4105 | D:4      | Noticed Pikel
  4121 | D:4      | HP: 12/57 [Pikel/+2 whip of flaming (3)]
  4121 | D:4      | HP: 5/57 [lemure[Pikel] (2)]
  4125 | D:4      | HP: 1/57 [lemure[Pikel] (7)]
  4128 | D:4      | Slain by Pikel

Illustrated notes

Levels and vault maps discovered:
D:1:      sevenhm_arrival_forest_fort_large_4, layout_basic, solitary_fountain
D:2:      layout_loops_ring, minmay_misc_feat_cross, minmay_unequal
D:3:      layout_loops_ring, gammafunk_ghost_nasty_kobolds,
          uniq_crazy_yiuf_cottage, uniq_robin
D:4:      layout_cave_pools, uniq_pikel, uniq_natasha, uniq_grinder

Skill      XL: |  1  2  3  4  5  6 |
---------------+-------------------+-----
Axes           | 3 4 5 6 8 |  8.7
Shields        | 4 5 |  5.8
Fighting       | |  3.6
Armour         | |  3.2

Action                   |  1- 3 |  4- 6 |  7- 9 || total
-------------------------+-------+-------+-------++-------
Melee: War axe           |   166 |   146 |    46 ||   358
Throw: Stone             |    27 |    35 |     5 ||    67
  Use: Scroll            |     2 |     8 |     1 ||    11
       Potion            |       |     1 |     3 ||     4
Armor: Scale mail        |    75 |    48 |    22 ||   145
Dodge: Dodged            |    32 |    39 |    19 ||    90
Block: Kite shield       |    97 |    56 |    30 ||   183

Table legend: (Time is in decaauts)
 A = Elapsed time spent in this place.
 B = Non-inter-level travel time spent in this place.
 C = Inter-level travel time spent in this place.
 D = Time resting spent in this place.
 E = Time spent auto-exploring this place.
 F = Levels seen in this place.
 G = Mean time per level.
                   A        B        C        D        E       F      G
               +--------+--------+--------+--------+--------+-----+--------+
         Total |   4253 |   4103 |    150 |    815 |   2486 |   4 | 1063.2 |
       Dungeon |   4253 |   4103 |    150 |    815 |   2486 |   4 | 1063.2 |
               +--------+--------+--------+--------+--------+-----+--------+

Top non-repeatable levels by time:
     D:3: 1390 daAuts
     D:1: 1305 daAuts
     D:2: 1055 daAuts
     D:4: 502 daAuts

Table legend:
 A = Kills in this place as a percentage of kills in entire the game.
 B = Kills by you in this place as a percentage of kills by you in the entire game.
 C = Kills by friends in this place as a percentage of kills by friends in the entire game.
 D = Other kills in this place as a percentage of other kills in the entire game.
 E = Experience gained in this place as a percentage of experience gained in the entire game.
 F = Experience gained in this place divided by the number of levels of this place that you have seen.
                   A       B       C       D       E      F
               +-------+-------+-------+-------+-------+----------------------
         Total | 100.0 | 100.0 |   N/A |   N/A | 100.0 | 208.0
       Dungeon | 100.0 | 100.0 |   N/A |   N/A | 100.0 | 208.0
               +-------+-------+-------+-------+-------+----------------------
